 Dungeon Crawl Stone Soup version 0.25-a0-603-g0321be95db (webtiles) character file.

Game seed: 4988254690156383438, levelgen mode: deterministic

4 An17 the Gusty (level 1, -3/11 HPs)
             Began as a Vine Stalker Wanderer on Mar 16, 2020.
             Slain by a leopard gecko (4 damage)
             ... on level 1 of the Dungeon.
             The game lasted 00:00:42 (32 turns).

An17 the Gusty (Vine Stalker Wanderer)                Turns: 32, Time: 00:00:43

Health: -3/11      AC:  2    Str: 15    XL:     1   Next: 70%
Magic:  0/3        EV: 11    Int: 12    God:
Gold:   0          SH:  0    Dex: 12    Spells: 1/2 levels left

rFire    . . .     SeeInvis .   a - +2 hand axe
rCold    . . .     Gourm    .   (no shield)
rNeg     . . .     Faith    .   d - +0 robe
rPois    .         Spirit   +   (no helmet)
rElec    .         Reflect  .   (no cloak)
rCorr    .         Harm     .   (no gloves)
MR       .....                  (no boots)
Stlth    ++........             (no amulet)
HPRegen  0.03/turn              (no ring)
MPRegen  0.08/turn              (no ring)

@: no status effects
A: fangs 2, magic shield, antimagic bite, no potion heal 3, rot immunity
a: no special abilities


You were on level 1 of the Dungeon.
You were not hungry.

You visited 1 branch of the dungeon, and saw 1 of its levels.

Inventory:

Hand Weapons
 a - a +2 hand axe (weapon)
Armour
 d - a +0 robe (worn)
Comestibles
 f - a ration


   Skills:
 + Level 1.7 Fighting
 + Level 1.0 Axes
 + Level 1.2 Stealth
 + Level 1.1 Spellcasting
 + Level 4.2 Air Magic
   Level 1.0 Evocations


You had one spell level left.
You knew the following spells:

 Your Spells              Type           Power        Failure   Level  Hunger
a - Shock                 Conj/Air       #...         13%         1    ##.....

Your spell library contained the following spells:

 Spells                   Type           Power        Failure   Level  Hunger
 Corpse Rot               Necr/Air       N/A          19%         2    ###....
 Swiftness                Chrm/Air       #.......     19%         2    ###....
 Conjure Flame            Conj/Fire      #.......     65%         3    ####...


Dungeon Overview and Level Annotations

Branches:
Dungeon (1/15)

Altars:


Innate Abilities, Weirdness & Mutations

You have extremely sharp teeth.
When hurt, damage is shared between your health and your magic reserves.
Your bite disrupts and absorbs the magic of your enemies.
Potions cannot restore your health.
You are immune to rotting.


Message History

A leopard gecko comes into view.
The leopard gecko bites you.
You barely miss the leopard gecko.
You bite the leopard gecko, but do no damage.
The leopard gecko bites you.
* * * LOW HITPOINT WARNING * * *
You closely miss the leopard gecko. Your bite misses the leopard gecko.
The leopard gecko misses you.
The leopard gecko bites you but does no damage.
You hit the leopard gecko.
The leopard gecko is lightly wounded.
The leopard gecko bites you.
* * * LOW HITPOINT WARNING * * *
You barely miss the leopard gecko. You bite the leopard gecko.
You drain its power.
You feel invigorated.
The leopard gecko is almost dead.
The leopard gecko bites you.
* * * LOW HITPOINT WARNING * * *
The leopard gecko bites you.
You die...

######################
#...........§§§§......
#...##.####.####§####.##
. #..@##...##§§§#
#.⌠l##.⌠.##§§§#
#...##...##.§§#
##.####.####.## #
#.####.####.####.##
...................
.........<.........
....................
####.####.####.##


You could see a leopard gecko.

Vanquished Creatures
  An ooze (D:1)
1 creature vanquished.

Notes
Turn   | Place    | Note
-------+----------+-------------------------------------------
     0 | D:1      | An17 the Vine Stalker Wanderer began the quest for the Orb.
     0 | D:1      | An17 set off with the following items: a +2 hand axe, a +0
                  | robe, a ration; and the following spell memorised: Shock;
                  | and the following spells available to memorise: Corpse Rot,
                  | Swiftness, Conjure Flame
     0 | D:1      | Reached XP level 1. HP: 11/11 MP: 3/3
    32 | D:1      | Slain by a leopard gecko

Levels and vault maps discovered:
D:1:      dpeg_arrival_chambers_temple_mockup, layout_loops_ring,
          minmay_misc_feat_secret_circle

Action                   || total
-------------------------++-------
Melee: Hand axe          ||     5
       Bite              ||     2
 Cast: Shock             ||     2
  Use: Scroll            ||     1
Armor: Robe              ||     1
Dodge: Dodged            ||     1

Table legend:
 A = Non-vault XP
 B = Vault XP
 C = Vault XP percentage of total XP
 D = Non-vault monster count
 E = Vault monster count
 F = Vault count percentage of total count
                 A         B        C        D         E       F
            +---------+---------+-------+---------+---------+-------
      Total |       7 |       0 |   0.0 |       1 |       0 |   0.0
            +---------+---------+-------+---------+---------+-------
        D:1 |       7 |       0 |   0.0 |       1 |       0 |   0.0
            +---------+---------+-------+---------+---------+-------
